 Dungeon Crawl Stone Soup version 0.25-a0-424-g80bd347ae0 (webtiles) character file.

Game seed: 12415170900700293289, levelgen mode: deterministic

25 Nattfarinn the Caller (level 3, 0/19 HPs)
             Began as a Tengu Summoner on Jan 22, 2020.
             Slain by a hobgoblin (3 damage)
             ... on level 1 of the Dungeon.
             The game lasted 00:02:16 (552 turns).

Nattfarinn the Caller (Tengu Summoner)               Turns: 552, Time: 00:02:17

Health: 0/19       AC:  2    Str:  9    XL:     3   Next: 6%
Magic:  3/7        EV: 13    Int: 15    God:
Gold:   20         SH:  0    Dex: 14    Spells: 3/6 levels left

rFire    . . .     SeeInvis .   f - +3 whip
rCold    . . .     Gourm    .   (no shield)
rNeg     . . .     Faith    .   a - +0 robe
rPois    .         Spirit   .   (helmet restricted)
rElec    .         Reflect  .   (no cloak)
rCorr    .         Harm     .   (no gloves)
MR       .....                  (boots unavailable)
Stlth    ++........             (no amulet)
HPRegen  0.06/turn              (no ring)
MPRegen  0.10/turn              (no ring)

@: no status effects
A: beak, talons 3
a: no special abilities


You were on level 1 of the Dungeon.
You were not hungry.

You visited 1 branch of the dungeon, and saw 1 of its levels.

You collected 20 gold pieces.

Inventory:

Hand Weapons
 d - a +0 club
 f - a +3 whip (weapon)
Armour
 a - a +0 robe (worn)
Scrolls
 e - 2 scrolls of amnesia {unknown}
 g - a scroll of noise {unknown}
Potions
 h - 2 potions of mutation {unknown}
Comestibles
 b - 3 chunks of flesh
 c - 3 rations


   Skills:
 + Level 2.8 Dodging
 - Level 2.0 Stealth
 - Level 2.0 Spellcasting
 * Level 5.6 Summonings


You had 3 spell levels left.
You knew the following spells:

 Your Spells              Type           Power        Failure   Level  Hunger
a - Summon Small Mammal   Summ           ###.         2%          1    #......
b - Call Imp              Summ           ###.....     3%          2    ###....

Your spell library contained the following spells:

 Spells                   Type           Power        Failure   Level  Hunger
 Call Canine Familiar     Summ           ###.....     7%          3    ###....
 Summon Guardian Golem    Hex/Summ       #.......     22%         3    ###....
 Summon Ice Beast         Ice/Summ       #.......     56%         4    #####..
 Summon Lightning Spire   Summ/Air       #.......     56%         4    #####..


Dungeon Overview and Level Annotations

Branches:
Dungeon (1/15)

Altars:


Innate Abilities, Weirdness & Mutations

You have a beak for a mouth.
You have claws for feet.


Message History

Casting: Call Imp (safe; 3% risk of failure)
Confirm with . or Enter, or press ? or * to list all spells.
A beastly little devil appears in a puff of flame.
The ball python misses you. The ball python grabs you.
The ball python constricts you. The hobgoblin hits you.
Unknown command.
You closely miss the ball python. You claw the ball python.
The ball python is severely wounded.
The ball python bites you.
* * * LOW HITPOINT WARNING * * *
x2 The ball python constricts you.
The hobgoblin closely misses you. The ball python barely misses you.
The ball python constricts you.
Your crimson imp hits the ball python.
The ball python dies!
Your crimson imp hits the hobgoblin.
You barely miss the hobgoblin. Your kick misses the hobgoblin.
You peck the hobgoblin.
The hobgoblin is severely wounded.
The hobgoblin hits you.
You die...

# #..###......................#
#..#....................(.#.#
.......................(.##.#
........................#.##.#
..................>......#÷##.#
#.h#......................#.##.#
.................K....... #.##.#
...?............5.........
#.##.# ............@g........
#.##.#
.............5.......###.##.#
........................†....
..........#..........###.##.#
.....######..........# #.##.#
##..........###.##.#
............r.......
###.......###.#.#...
##....÷####.......


You could see a hobgoblin, a kobold and 2 friendly crimson imps.

Vanquished Creatures
  An ooze (D:1)
  A ball python (D:1)
  A goblin (D:1)
  A hobgoblin (D:1)
  4 jackals (D:1)
  3 kobolds (D:1)
  A rat (D:1)
12 creatures vanquished.

Vanquished Creatures (collateral kills)
  2 hobgoblins (D:1)
  4 jackals (D:1)
  A kobold (D:1)
  A ball python (D:1)
  A frilled lizard (D:1)
  A goblin (D:1)
  3 rats (D:1)
13 creatures vanquished.

Grand Total: 25 creatures vanquished

Notes
Turn   | Place    | Note
-------+----------+-------------------------------------------
     0 | D:1      | Nattfarinn the Tengu Summoner began the quest for the Orb.
     0 | D:1      | Reached XP level 1. HP: 10/10 MP: 4/4
    43 | D:1      | Reached skill level 5 in Summonings
    55 | D:1      | Reached XP level 2. HP: 11/15 MP: 0/6
   387 | D:1      | Learned a level 2 spell: Call Imp
   395 | D:1      | Reached XP level 3. HP: 12/19 MP: 3/7
   552 | D:1      | Slain by a hobgoblin

Levels and vault maps discovered:
D:1:      dpeg_arrival_tiny_k, layout_rooms

Skill      XL: |  1 |
---------------+----+-----
Summonings     | 5 |  5.6
Dodging        | |  2.8
Stealth        | |  2.0
Spellcasting   | |  2.0

Action                   || total
-------------------------++-------
Melee: Unarmed           ||    12
       Kick              ||    10
       Peck              ||     6
       Whip              ||    18
       Club              ||     6
 Cast: Summon Small Mamm ||    22
       Call Imp          ||     3
Armor: Robe              ||     8
Dodge: Dodged            ||    37

Table legend:
 A = Non-vault XP
 B = Vault XP
 C = Vault XP percentage of total XP
 D = Non-vault monster count
 E = Vault monster count
 F = Vault count percentage of total count
                 A         B        C        D         E       F
            +---------+---------+-------+---------+---------+-------
      Total |      37 |       0 |   0.0 |      25 |       0 |   0.0
            +---------+---------+-------+---------+---------+-------
        D:1 |      37 |       0 |   0.0 |      25 |       0 |   0.0
            +---------+---------+-------+---------+---------+-------
